 Dungeon Sprint DCSS version 0.20-a0-629-gc37eb77 (webtiles) character file.

3896 Kidiri the Thaumaturge (level 10, -1/61 HPs)
             Began as a Deep Elf Fire Elementalist on Feb 10, 2017.
             Was a High Priest of Vehumet.
             Slain by a killer bee (3 damage)
             ... in the Dungeon (Sprint III: "The Ten Rune Challenge").
             The game lasted 00:14:44 (1739 turns).

Kidiri the Thaumaturge (Deep Elf Fire Elementalist) Turns: 1739, Time: 00:14:45

Health: -1/61      AC:  3    Str:  5    XL:     10   Next: 0%
Magic:  0/27       EV: 19    Int: 24    God:    Vehumet [*****.]
Gold:   49         SH:  0    Dex: 15    Spells: 7/37 levels left

rFire    . . .     SeeInvis .   d - +0 dagger
rCold    + . .     Gourm    .   a - +0 robe
rNeg     . . .     Faith    .   (no shield)
rPois    .         Spirit   .   (no helmet)
rElec    .         Reflect  .   r - +0 cloak
rCorr    .         Harm     .   (no gloves)
MR       +....     NoTele   +   (no boots)
Stlth    ++........             (no amulet)
Regen    0.2/turn               (no ring)
                                (no ring)

@: lethally poisoned (-1 -> -7), very slightly contaminated, hasted, very quick
A: blink, cold resistance 1, low mp 1, no potion heal 1
a: Blink, Renounce Religion


You were in the Dungeon.
You worshipped Vehumet.
Vehumet was extremely pleased with you.
You were hungry.

You visited 1 branch You collected 49 gold pieces.

Inventory:

Hand Weapons
 d - a +0 dagger (weapon)
Armour
 a - a +0 robe (worn)
 r - a +0 cloak (worn)
Wands
 s - a wand of polymorph (11/24)
Scrolls
 e - a scroll of immolation
 i - a scroll of blinking
 m - 4 scrolls of remove curse
 p - a scroll of holy word
Potions
 h - a potion of berserk rage
 o - 2 potions of flight
Books
 b - a book of Flames

   Spells                             Type                      Level
   a - Flame Tongue                   Conjuration/Fire             1
   b - Throw Flame                    Conjuration/Fire             2
   c - Conjure Flame                  Conjuration/Fire             3
   d - Inner Flame                    Hexes/Fire                   3
   e - Sticky Flame                   Conjuration/Fire             4
   f - Fireball                       Conjuration/Fire             5
 j - a book of Minor Magic

   Spells                             Type                      Level
   a - Magic Dart                     Conjuration                  1
   b - Blink                          Translocation                2
   c - Call Imp                       Summoning                    2
   d - Slow                           Hexes                        2
   e - Conjure Flame                  Conjuration/Fire             3
   f - Mephitic Cloud                 Conjuration/Poison/Air       3
Comestibles
 c - a bread ration
 n - 2 royal jellies
 q - a meat ration


   Skills:
 + Level 6.4 Fighting
 + Level 6.9 Short Blades
 + Level 6.5 Armour
 + Level 9.9 Dodging
 - Level 2.4 Stealth
 * Level 14.1 Spellcasting
 + Level 8.7 Conjurations
 + Level 9.5 Fire Magic
 + Level 5.6 Air Magic
 + Level 6.2 Poison Magic


You had 7 spell levels left.
You knew the following spells:

 Your Spells              Type           Power        Failure   Level  Hunger
a - Flame Tongue          Conj/Fire      #####        1%          1    None
b - Throw Flame           Conj/Fire      ######       1%          2    None
c - Conjure Flame         Conj/Fire      ######..     1%          3    None
d - Inner Flame           Hex/Fire       #####...     1%          3    None
e - Sticky Flame          Conj/Fire      ######..     1%          4    None
f - Fireball              Conj/Fire      ######....   1%          5    ##.....
g - Mephitic Cloud        Conj/Pois/Air  ######..     1%          3    None
h - Shock                 Conj/Air       ####         1%          1    None
i - Sting                 Conj/Pois      ####         1%          1    None
j - Dazzling Spray        Conj/Hex       #####.       1%          3    None
k - Airstrike             Air            #####.....   1%          4    None


Dungeon Overview and Level Annotations

Branches:
Dungeon (1/1)

Altars:
Cheibriados
Dithmenos
Elyvilon
Fedhas
Gozag
Hepliaklqana
Kikubaaqudgha
Makhleb
Nemelex Xobeh
Okawaru
Qazlal
Ru
Sif Muna
Trog
Uskayaw
Vehumet
Xom
Yredelemnul
Zin
The Shining One
Beogh
Jiyva
Lugonu


Innate Abilities, Weirdness & Mutations

You can translocate small distances at will.
Your flesh is cold resistant. (rC+)
Your magical capacity is low. (-10% MP)
Potions are less effective at restoring your health.


Message History

You feel sick. The killer bee completely misses you.
The killer bee closely misses you.
Casting: Mephitic Cloud
Confirm with . or Enter, or press ? or * to list all spells.
Aiming: Flame Tongue
Press: ? - help, Shift-Dir - straight line, f/p - killer bee
Aim: a killer bee (severely wounded, berserk, fast, unusually strong)
The flame tongue misses the killer bee.
* * * LOW HITPOINT WARNING * * *
You feel sick. The killer bee barely misses you.
Unknown command.
Casting: Flame Tongue
Confirm with . or Enter, or press ? or * to list all spells.
Aiming: Flame Tongue
Press: ? - help, Shift-Dir - straight line, f/p - killer bee
Aim: a killer bee (severely wounded, berserk, fast, unusually strong)
The flame tongue misses the killer bee.
* * * LOW HITPOINT WARNING * * *
You feel sick. The killer bee stings you.
You die...

## _# _# ## .# .# '#
.#+###########################
.#..≈≈≈'.#.'...+@#.#.#.yyyy≈≈#
.#.#≈§§#.#.#...##y#.#.##%..y≈#
.'.#.§§#§#.#().#.#.#.#.# yy≈≈≈
.#.#.§§#...#...##.#.#.## yy≈≈
▓▓▓▓▓▓▓▓▓▓▓▓▓▓▓#.#.#.#.# .%.
##.#.#.## %. +.#.#.#.# %
##.#.#.## #+#####


You could see a killer bee (berserk).

Vanquished Creatures
  Snorg (D)
  A centaur warrior (D)
  An unseen horror (D)
  A deep elf mage (D)
  A shadow (D)
  A spatial vortex (D)
  A necrophage (D)
  2 centaurs (D)
  A water elemental (D)
  16 killer bees (D)
  A wizard (D)
  A jelly (D)
  A necromancer (D)
  A kobold demonologist (D)
  3 humans (D)
  A wolf (D)
  An ooze (D)
  3 rats (D)
38 creatures vanquished.

Vanquished Creatures (collateral kills)
  A killer bee (D)
1 creature vanquished.

Vanquished Creatures (others)
  2 draconian scorchers (D)
  A hydra (D)
  6 hellions (D)
  3 yaktaurs (D)
  5 plants (D)
17 creatures vanquished.

Grand Total: 56 creatures vanquished

Notes
Turn   | Place    | Note
-------+----------+-------------------------------------------
     0 | D        | Kidiri the Deep Elf Fire Elementalist began the quest for the Orb.
     0 | D        | Reached XP level 1. HP: 10/10 MP: 6/6
    53 | D        | Reached skill level 4 in Spellcasting
   114 | D        | Killed a hellion
   122 | D        | Killed a yaktaur
   126 | D        | Killed a yaktaur
   128 | D        | Killed a hellion
   128 | D        | Killed a hellion
   129 | D        | Reached skill level 1 in Fighting
   129 | D        | Reached skill level 1 in Armour
   129 | D        | Reached skill level 5 in Spellcasting
   129 | D        | Reached XP level 2. HP: 16/16 MP: 5/10
   134 | D        | Learned a level 2 spell: Throw Flame
   140 | D        | Killed a hellion
   168 | D        | Killed a hellion
   176 | D        | Killed a white draconian scorcher
   189 | D        | Reached XP level 3. HP: 21/21 MP: 7/12
   194 | D        | Learned a level 3 spell: Conjure Flame
   198 | D        | Learned a level 3 spell: Inner Flame
   215 | D        | Killed a six-headed hydra
   241 | D        | Gained mutation: Your muscles are strong. (Str +2) [potion of mutation]
   241 | D        | Gained mutation: Your system is resistant to poisons. (rPois) [potion of mutation]
   241 | D        | Gained mutation: You have a pair of small horns on your head. [potion of mutation]
   242 | D        | Lost mutation: Your system is resistant to poisons. (rPois) [potion of mutation]
   242 | D        | Lost mutation: Your muscles are strong. (Str +2) [potion of mutation]
   242 | D        | Lost mutation: You have a pair of small horns on your head. [potion of mutation]
   242 | D        | Gained mutation: You are agile. (Dex +2) [potion of mutation]
   242 | D        | Gained mutation: You are surrounded by a mild repulsion field. (EV +2) [potion of mutation]
   242 | D        | Gained mutation: You have a pair of small horns on your head. [potion of mutation]
   242 | D        | Gained mutation: You have sharp toenails. [potion of mutation]
   243 | D        | Lost mutation: You have sharp toenails. [potion of mutation]
   243 | D        | Lost mutation: You have a pair of small horns on your head. [potion of mutation]
   243 | D        | Lost mutation: You are agile. (Dex +2) [potion of mutation]
   243 | D        | Lost mutation: You are surrounded by a mild repulsion field. (EV +2) [potion of mutation]
   243 | D        | Gained mutation: You can translocate small distances at will. [potion of mutation]
   243 | D        | Gained mutation: Your magical capacity is low. (-10% MP) [potion of mutation]
   243 | D        | Gained mutation: Potions are less effective at restoring your health. [potion of mutation]
   243 | D        | Gained mutation: Your flesh is cold resistant. (rC+) [potion of mutation]
   259 | D        | Noticed a water elemental
   267 | D        | Killed a water elemental
   267 | D        | Reached skill level 7 in Spellcasting
   267 | D        | Reached XP level 4. HP: 10/27 MP: 4/13
   267 | D        | Killed a hellion
   273 | D        | Learned a level 4 spell: Sticky Flame
   287 | D        | Killed a white draconian scorcher
   461 | D        | Found a radiant altar of Vehumet.
   462 | D        | Found a deep blue altar of Sif Muna.
   462 | D        | Found an ancient bone altar of Kikubaaqudgha.
   462 | D        | Noticed a wizard
   464 | D        | Killed a wizard
   464 | D        | Reached skill level 5 in Fire Magic
   465 | D        | Noticed a rust devil
   465 | D        | Reached skill level 5 in Dodging
   465 | D        | Reached XP level 5. HP: 31/32 MP: 4/15
   481 | D        | Learned a level 5 spell: Fireball
   484 | D        | Became a worshipper of Vehumet
   547 | D        | Found a glowing silver altar of Zin.
   548 | D        | Found a glowing golden altar of the Shining One.
   548 | D        | Found a white marble altar of Elyvilon.
   548 | D        | Noticed a deep elf mage
   556 | D        | Killed a deep elf mage
   556 | D        | Reached skill level 10 in Spellcasting
   556 | D        | Reached skill level 5 in Conjurations
   556 | D        | Reached XP level 6. HP: 15/39 MP: 8/19
   556 | D        | Reached XP level 7. HP: 17/44 MP: 8/20
   561 | D        | Learned a level 3 spell: Mephitic Cloud
   744 | D        | Found a hide-covered altar of Uskayaw.
   744 | D        | Found a roughly hewn altar of Beogh.
   744 | D        | Found an iron altar of Okawaru.
   744 | D        | Found a bloodstained altar of Trog.
   744 | D        | Noticed a human
   747 | D        | Noticed a human
   749 | D        | Killed a human
   749 | D        | Reached skill level 1 in Air Magic
   749 | D        | Reached skill level 1 in Poison Magic
   750 | D        | Killed a human
   750 | D        | Reached * piety under Vehumet
   750 | D        | Offered knowledge of Shock by Vehumet.
   750 | D        | Reached skill level 11 in Spellcasting
   806 | D        | Learned a level 1 spell: Shock
   846 | D        | Found a basalt altar of Yredelemnul.
   846 | D        | Found a shadowy altar of Dithmenos.
   846 | D        | Found a sacrificial altar of Ru.
   922 | D        | Noticed a shadow
   925 | D        | Offered knowledge of Sting by Vehumet.
   925 | D        | Reached ** piety under Vehumet
   925 | D        | Reached skill level 5 in Fighting
   929 | D        | Learned a level 1 spell: Sting
   931 | D        | Killed a shadow
   931 | D        | Reached skill level 5 in Armour
   931 | D        | Reached XP level 8. HP: 49/49 MP: 15/23
   981 | D        | Found a blossoming altar of Fedhas.
   981 | D        | Found a stormy altar of Qazlal.
   982 | D        | Found a snail-covered altar of Cheibriados.
   982 | D        | Found a burning altar of Makhleb.
   982 | D        | Found a hazy altar of Hepliaklqana.
   982 | D        | Found a shimmering altar of Xom.
   982 | D        | Found an opulent altar of Gozag.
   982 | D        | Found a sparkling altar of Nemelex Xobeh.
   982 | D        | Found a corrupted altar of Lugonu.
   982 | D        | Found a viscous altar of Jiyva.
  1084 | D        | Noticed Snorg
  1095 | D        | Killed Snorg
  1095 | D        | Offered knowledge of Dazzling Spray by Vehumet.
  1095 | D        | Reached skill level 5 in Short Blades
  1095 | D        | Reached skill level 12 in Spellcasting
  1095 | D        | Reached XP level 9. HP: 55/55 MP: 18/25
  1206 | D        | Learned a level 3 spell: Dazzling Spray
  1467 | D        | Killed a yaktaur
  1482 | D        | Noticed a centaur warrior
  1488 | D        | Killed a centaur warrior
  1488 | D        | Reached *** piety under Vehumet
  1488 | D        | Reached skill level 13 in Spellcasting
  1488 | D        | Reached skill level 5 in Poison Magic
  1489 | D        | Offered knowledge of Airstrike by Vehumet.
  1489 | D        | Reached skill level 5 in Air Magic
  1495 | D        | Learned a level 4 spell: Airstrike
  1575 | D        | Noticed an unseen horror
  1582 | D        | Killed an unseen horror
  1706 | D        | Reached **** piety under Vehumet
  1706 | D        | Offered knowledge of Lee's Rapid Deconstruction by Vehumet.
  1706 | D        | Reached skill level 14 in Spellcasting
  1715 | D        | Reached ***** piety under Vehumet
  1726 | D        | Noticed a queen bee
  1733 | D        | Reached XP level 10. HP: 13/61 MP: 2/27
  1736 | D        | HP: 3/61 [poisoned by a killer bee]
  1739 | D        | Slain by a killer bee

Vault maps used:
D:        dungeon_sprint_mu

Skill      XL: |  1  2  3  4  5  6  7  8  9 |
---------------+----------------------------+-----
Spellcasting   | 5 7 10 11 12 14 | 14.1
Fighting       | 1 2 3 4 5 6 |  6.4
Armour         | 1 2 4 5 6 |  6.5
Dodging        | 3 4 5 6 7 8 9 |  9.9
Conjurations   | 2 3 4 5 6 7 8 |  8.7
Fire Magic     | 4 5 6 7 8 9 |  9.5
Short Blades   | 3 4 5 6 |  6.9
Air Magic      | 2 4 5 |  5.6
Poison Magic   | 3 4 6 |  6.2
Stealth        | |  2.4

Action                   |  1- 3 |  4- 6 |  7- 9 | 10-12 || total
-------------------------+-------+-------+-------+-------++-------
Melee: Unarmed           |     1 |       |       |       ||     1
       Dagger            |       |     2 |    11 |       ||    13
 Cast: Flame Tongue      |    25 |     4 |    43 |     2 ||    74
       Throw Flame       |     1 |       |       |       ||     1
       Sticky Flame      |       |     3 |    12 |       ||    15
       Conjure Flame     |       |       |     6 |       ||     6
       Fireball          |       |       |     7 |       ||     7
       Inner Flame       |       |       |     1 |       ||     1
       Mephitic Cloud    |       |       |     5 |       ||     5
       Dazzling Spray    |       |       |     7 |       ||     7
       Shock             |       |       |     2 |       ||     2
  Use: Potion            |     7 |     1 |     3 |       ||    11
       Scroll            |     3 |       |       |       ||     3
 Stab: Sleeping          |       |     1 |       |       ||     1
  Eat: Chunk             |       |       |     3 |       ||     3
Armor: Robe              |       |       |     3 |       ||     3
Dodge: Dodged            |    15 |     2 |    34 |     5 ||    56
